 Dungeon Crawl Stone Soup version 0.30-a0-394-g3e4acdb0ae (webtiles) character file.

Game seed: 8409057406443719990

167 Lobster4 the Magician (level 5, -1/29 HPs)
             Began as a Deep Elf Hedge Wizard on Dec 6, 2022.
             Slain by a hobgoblin (5 damage)
             ... led by Robin
             ... on level 3 of the Dungeon.
             The game lasted 00:10:15 (3465 turns).

Lobster4 the Magician (Deep Elf Hedge Wizard)       Turns: 3465, Time: 00:10:15

Health: -1/29      AC:  2    Str:  7    XL:     5   Next: 23%
Magic:  1/14       EV: 13    Int: 21    God:
Gold:   128        SH:  0    Dex: 14    Spells: 8/13 levels left

rFire   . . .      SeeInvis .    a - staff of air
rCold   . . .      Faith    .    (no shield)
rNeg    . . .      Spirit   .    o - +0 robe
rPois   .          Reflect  .    c - +0 hat
rElec   +          Harm     .    (no cloak)
rCorr   .          Rampage  .    (no gloves)
Will    .....                    (no boots)
Stlth   ++........               (no amulet)
HPRegen 0.24/turn                r - ring of flight
MPRegen 0.14/turn                (no ring)

@: flying, very slightly contaminated
A: no striking features
a: no special abilities


You were on level 3 of the Dungeon.
You visited 1 branch of the dungeon, and saw 3 of its levels.

You collected 180 gold pieces.
You spent 52 gold pieces at shops.

Inventory:

Hand Weapons
 b - a +1 sling of draining
 k - a +4 dagger
 n - a +2 dagger of venom
 t - a +0 sling
Missiles
 f - 5 curare-tipped darts
 j - 3 boomerangs
 p - 2 poisoned darts
Armour
 c - a +0 hat (worn)
 o - a +0 robe (worn)
 s - a +0 leather armour
 v - a +1 helmet
Magical Staves
 a - a staff of air (weapon)
Jewellery
 r - a ring of flight (left hand)
Scrolls
 u - a scroll of identify {unknown}
Potions
 d - a potion of magic
 e - 2 potions of haste {unknown}
 g - a potion of might {unknown}
 h - 2 potions of flight {unknown}
 i - 4 potions of curing
 l - a potion of attraction {unknown}
 m - 2 potions of heal wounds
 q - a potion of lignification {unknown}


   Skills:
 + Level 1.1 Fighting
 + Level 0.7 Staves
 + Level 1.0 Ranged Weapons
 + Level 1.0 Armour
 - Level 3.0 Dodging
 - Level 3.0 Stealth
 + Level 4.9 Spellcasting
 + Level 2.0 Conjurations
 + Level 1.9 Summonings
 - Level 2.0 Translocations
 + Level 1.0 Air Magic
 + Level 1.2 Evocations


You had 8 spell levels left.
You knew the following spells:

 Your Spells              Type           Power      Damage    Failure   Level
a - Magic Dart            Conj           52%        1d5       4%          1
c - Call Imp              Summ           13%        N/A       8%          2
e - Blink                 Tloc           26%        N/A       8%          2

Your spell library contained the following spells:

 Spells                   Type           Power      Damage    Failure   Level
 Static Discharge         Conj/Air       34%        2-4/arc   9%          2
 Slow                     Hex            20%        N/A       11%         1
 Cigotuvi's Dreadful Rot  Necr/Pois/Air  18%        N/A       14%         2
 Vhi's Electric Charge    Tloc/Air       34%        N/A       17%         3
 Mephitic Cloud           Conj/Pois/Air  14%        N/A       22%         3
 Arcjolt                  Conj/Air       8%         1d18      85%         5
 Lightning Bolt           Conj/Air       8%         1d21      85%         5


Dungeon Overview and Level Annotations

Branches:
Dungeon (3/15)

Altars:
Elyvilon
Trog

Shops:
D:1 !


Message History

You hit the hobgoblin but do no damage.
The hobgoblin is severely wounded.
The hobgoblin hits you but does no damage.
You barely miss the hobgoblin.
The hobgoblin is severely wounded.
The hobgoblin closely misses you.
You hit the hobgoblin but do no damage.
The hobgoblin is severely wounded.
The hobgoblin hits you.
You hit the hobgoblin but do no damage.
The hobgoblin is severely wounded.
The hobgoblin barely misses you.
You hit the hobgoblin.
The hobgoblin is almost dead.
The hobgoblin barely misses you.
You hit the hobgoblin but do no damage.
The hobgoblin is almost dead.
The hobgoblin hits you.
* * * LOW HITPOINT WARNING * * *
You hit the hobgoblin but do no damage.
The hobgoblin is almost dead.
The hobgoblin barely misses you. The hobgoblin closely misses you.
Casting: Magic Dart (safe; 4% risk of failure)
Confirm with . or Enter, or press ? or * to list all spells.
Aiming: Magic Dart (safe; 4% risk of failure)
Press: ? - help, Shift-Dir - straight line, f/p - hobgoblin
Aim: a hobgoblin, wearing a +0 plate armour (almost dead, 100% to hit)
You miscast Magic Dart.
You are very lightly contaminated with residual magic.
Nothing appears to happen.
The hobgoblin hits you.
* * * LOW HITPOINT WARNING * * *
Casting: Magic Dart (safe; 4% risk of failure)
Confirm with . or Enter, or press ? or * to list all spells.
Aiming: Magic Dart (safe; 4% risk of failure)
Press: ? - help, Shift-Dir - straight line, f/p - hobgoblin
Aim: a hobgoblin, wearing a +0 plate armour (almost dead, 100% to hit)
The magic dart hits the hobgoblin but does no damage.
The hobgoblin is almost dead.
The hobgoblin hits you.
You die...

#.>...⌠...)...⌠g..<.###.#####
#...................##..#
#####...#..)#.g.######.##
#...#...#...# #.#
#.>.#.8)#.<.# #.#
#...#)).#...######.#
#####..)######.....#
#...######.##### #...g@.....#
############


You could see a hobgoblin.

Vanquished Creatures
  An orc priest (D:3)
  Robin (D:3)
  3 adders
  A worm (D:2)
  2 dart slugs (D:2)
  6 orcs
  3 endoplasms
  2 giant cockroaches (D:2)
  15 goblins
  6 hobgoblins
  7 jackals
  3 kobolds
  2 quokkas
  8 ball pythons
  A bat (D:3)
  A frilled lizard (D:2)
  4 rats
66 creatures vanquished.

Vanquished Creatures (collateral kills)
  An adder (D:2)
  3 goblins (D:3)
  A hobgoblin (D:2)
5 creatures vanquished.

Grand Total: 71 creatures vanquished

Notes
Turn   | Place    | Note
-------+----------+-------------------------------------------
     0 | D:1      | Lobster4 the Deep Elf Hedge Wizard began the quest for the
                  | Orb.
     0 | D:1      | Reached XP level 1. HP: 10/10 MP: 7/7
   204 | D:1      | Reached XP level 2. HP: 15/15 MP: 3/9
   207 | D:1      | Learned a level 2 spell: Blink
   210 | D:1      | Learned a level 2 spell: Call Imp
   532 | D:1      | Found Ciesuh's Distillery.
   557 | D:1      | Bought a potion of degeneration for 13 gold pieces
  1116 | D:1      | Bought a potion of curing for 39 gold pieces
  1238 | D:2      | Reached XP level 3. HP: 16/20 MP: 2/11
  1846 | D:2      | Reached XP level 4. HP: 21/24 MP: 8/12
  2634 | D:3      | Reached skill level 1 in Evocations
  2725 | D:3      | Reached skill level 1 in Fighting
  2725 | D:3      | Reached skill level 1 in Ranged Weapons
  2831 | D:3      | Noticed Robin
  2913 | D:3      | Found a white marble altar of Elyvilon.
  2919 | D:3      | Found a bloodstained altar of Trog.
  3081 | D:2      | Reached XP level 5. HP: 22/28 MP: 12/14
  3419 | D:3      | Killed Robin
  3420 | D:3      | Reached skill level 1 in Armour
  3423 | D:3      | Reached skill level 1 in Air Magic
  3465 | D:3      | Slain by a hobgoblin

Illustrated notes

Levels and vault maps discovered:
D:1:      minmay_arrival_four_loops, layout_loops_ring, serial_shops, shop,
          chequers_serial_rivers_micro_d
D:2:      layout_loops_ring
D:3:      layout_basic, mainiacjoe_overflow_large_starburst,
          minmay_misc_feat_secret_circle, nicolae_elevator_lobby_plus,
          uniq_jessica, uniq_robin

Skill      XL: |  1  2  3  4  5 |
---------------+----------------+-----
Stealth        | 3 |  3.0
Dodging        | 3 |  3.0
Evocations     | 1 |  1.2
Fighting       | 1 |  1.1
Ranged Weapons | 1 |  1.0
Conjurations   | 2 |  2.0
Armour         | 1 |  1.0
Translocations | 2 |  2.0
Air Magic      | 1 |  1.0
Staves         | |  0.7
Spellcasting   | |  4.9
Summonings     | |  1.9

Action                   |  1- 3 |  4- 6 || total
-------------------------+-------+-------++-------
Melee: Dagger            |     8 |       ||     8
       Staff             |     3 |    14 ||    17
 Cast: Magic Dart        |    89 |   110 ||   199
       Call Imp          |     1 |     5 ||     6
  Use: Scroll            |     1 |     1 ||     2
Armor: Robe              |     4 |    10 ||    14
Dodge: Dodged            |    18 |    62 ||    80

Table legend: (Time is in decaauts)
 A = Elapsed time spent in this place.
 B = Non-inter-level travel time spent in this place.
 C = Inter-level travel time spent in this place.
 D = Time resting spent in this place.
 E = Time spent auto-exploring this place.
 F = Levels seen in this place.
 G = Mean time per level.
                   A        B        C        D        E       F      G
               +--------+--------+--------+--------+--------+-----+--------+
         Total |   3470 |   3209 |    261 |    603 |   2003 |   3 | 1156.7 |
       Dungeon |   3470 |   3209 |    261 |    603 |   2003 |   3 | 1156.7 |
               +--------+--------+--------+--------+--------+-----+--------+

Top non-repeatable levels by time:
     D:2: 1631 daAuts
     D:1: 1151 daAuts
     D:3: 687 daAuts
